 Dungeon Crawl Stone Soup version 0.31-a0-1547-g618ab1f346 (webtiles) character file.

Game seed: 10129838864765857284

149 Arcadio the Trooper (level 5, -3/58 HPs)
             Began as an Oni Cinder Acolyte on Jan 2, 2024.
             Was a High Priest of Ignis.
             Slain by an orc
             ... wielding a +0 trident
              (6 damage)
             ... on level 3 of the Dungeon.
             The game lasted 00:02:50 (2739 turns).

Arcadio the Trooper (Oni Cinder Acolyte)            Turns: 2739, Time: 00:02:50

Health: -3/58      AC:  3    Str: 20    XL:     5   Next: 31%
Magic:  6/6        EV:  9    Int: 15    God:    Ignis [*****.]
Gold:   99         SH:  0    Dex:  4    Spells: 6/6 levels left

rFire   + . .        a - -1 hand axe (flame)
rCold   . . .        (no shield)
rNeg    . . .        b - +0 robe
rPois   .            (helmet restricted)
rElec   .            (no cloak)
rCorr   .            (gloves unavailable)
SInv    .            (boots unavailable)
Will    .....        (no amulet)
Stlth   +            (no ring)
HPRegen 0.29/turn    (no ring)
MPRegen 0.10/turn

%: no passive effects
@: no status effects
A: large, unfitting armour, horns 1, tough skin 1, double potion healing,
drunken brawling
a: Renounce Religion, Fiery Armour, Foxfire Swarm, Rising Flame


You were on level 3 of the Dungeon.
You worshipped Ignis.
Ignis was extremely pleased with you.
You visited 1 branch of the dungeon, and saw 3 of its levels.

You collected 99 gold pieces.

Inventory:

Hand Weapons
 a - a -1 hand axe of flaming (weapon)
Armour
 b - a +0 robe (worn)
Jewellery
 j - a ring of see invisible
Scrolls
 c - a scroll of silence
 f - a scroll of immolation
 g - a scroll of amnesia {unknown}
 i - a scroll of teleportation {unknown}
 k - a scroll of enchant weapon {unknown}
 l - a scroll of noise {unknown}
 r - a scroll of identify
Potions
 d - a potion of curing
 h - a potion of ambrosia {unknown}


   Skills:
 + Level 5.6 Fighting
 + Level 4.1 Axes
 + Level 2.3 Dodging
 - Level 1.2 Spellcasting
 - Level 2.6 Fire Magic


You had 6 spell levels left.
You didn't know any spells.
Your spell library contained the following spells:

 Spells                   Type           Power      Damage    Failure   Level
 Scorch                   Fire           16%        2d5       12%         2
 Iskenderun's Battlesphe  Conj           0%         2d6       100%        5
 Bombard                  Conj/Erth      0%         9d1       100%        6
 Spellforged Servitor     Conj/Summ      0%         N/A       100%        7


Dungeon Overview and Level Annotations

Branches:
Dungeon (3/15) Zot: 15235

Altars:

Shops:
D:1 =


Innate Abilities, Weirdness & Mutations

You are too large for most types of armour.
You have a pair of small horns on your head.
You have tough skin. (AC +1)
You gain doubled healing and magic from potions.
Whenever you drink a healing potion, you attack all around you.


Message History

The orc hits you with a +0 trident.
You hit the orc. You burn the orc. You headbutt the orc.
The orc is severely wounded.
The orc hits you with a +0 trident. The orc hits you with a +0 trident!
You hit the orc. You burn the orc.
You kill the orc!
Things that are here:
a +0 trident; an orc corpse An orc comes into view.
It is wielding a +0 club.
An orc comes into view. It is wielding a +0 trident.
The orc shouts!
The orc hits you with a +0 club. The orc closely misses you.
You barely miss the orc. The orc hits you but does no damage.
You barely miss the orc. The orc hits you but does no damage.
You barely miss the orc. The orc barely misses you.
You completely miss the orc.
The orc hits you from afar with a +0 trident.
The orc hits you with a +0 club.
You barely miss the orc. Your headbutt misses the orc.
The orc barely misses you.
The orc hits you from afar with a +0 trident!
You hit the orc. You burn the orc. Your headbutt misses the orc.
The orc is heavily wounded.
The orc completely misses you. The orc barely misses you.
You slash the orc! You burn the orc.
You kill the orc!
The orc hits you from afar with a +0 trident.
* * * LOW HITPOINT WARNING * * *
The orc barely misses you.
Things that are here:
a +0 trident; an orc corpse
Things that are here:
a +0 whip; an orc corpse The orc attacks as it pursues you!
The orc hits you from afar with a +0 trident.
* * * LOW HITPOINT WARNING * * *
The orc attacks as it pursues you!
The orc hits you from afar with a +0 trident.
You die...

## ### #. ..# #.
#.# #.## #.#
#<#######.#######
##.....#.........
#.#....@...#
#.##.##.##o:# ##
#.##.#..)####
#......#...)..#
#......#...##)#
#...........##.#
#..........###.#
)....^.###.# #.#
.#.###### #.# #.#


You could see an orc.

Vanquished Creatures
  An orc priest (D:3)
  4 gnolls (D:2)
  2 adders (D:2)
  A ribbon worm (D:2)
  2 orcs (D:3)
  5 ball pythons
  8 endoplasms
  2 giant cockroaches
  2 goblins
  8 hobgoblins
  3 jackals (D:2)
  8 kobolds
  A quokka (D:1)
  6 bats
  7 rats
60 creatures vanquished.

Notes
Turn   | Place    | Note
-------+----------+-------------------------------------------
     0 | D:1      | Arcadio the Oni Cinder Acolyte began the quest for the Orb.
     0 | D:1      | Reached XP level 1. HP: 24/24 MP: 2/2
   144 | D:1      | Reached XP level 2. HP: 25/32 MP: 3/3
   289 | D:1      | Found Seoph's Jewellery Shop.
   303 | D:1      | Reached skill level 1 in Dodging
   591 | D:1      | Reached XP level 3. HP: 40/40 MP: 4/4
   684 | D:1      | Found a faded altar of an unknown god.
  1662 | D:2      | Reached skill level 5 in Fighting
  1662 | D:2      | Reached XP level 4. HP: 36/50 MP: 5/5
  2418 | D:2      | Reached XP level 5. HP: 56/57 MP: 6/6
  2739 | D:3      | Slain by an orc

Illustrated notes

Levels and vault maps discovered:
D:1:      matt_arrival_grand_opening, layout_loops_corners, serial_shops, shop,
          hellmonk_ecumenical_altar_blasted, lemuel_flame_loot_1
D:2:      layout_basic, grunt_decor_fettered
D:3:      layout_loops_ring, serial_shops, nicolae_shop_real_fake_doors,
          minmay_fractal_squares_gapless_5, uniq_jessica, uniq_sigmund

Skill      XL: |  1  2  3  4  5 |
---------------+----------------+-----
Dodging        | 1 2 |  2.3
Fighting       | 5 |  5.6
Axes           | 4 |  4.1
Spellcasting   | |  1.2
Fire Magic     | |  2.6

Action                     |  1- 3 |  4- 6 || total
---------------------------+-------+-------++-------
  Melee: Hand axe          |   133 |    66 ||   199
         Headbutt          |    13 |     8 ||    21
         Punch             |     2 |     1 ||     3
    Use: Scroll            |       |     2 ||     2
 Armour: Robe              |   123 |    50 ||   173
  Dodge: Dodged            |    79 |    29 ||   108

Table legend: (Time is in decaauts)
 A = Elapsed time spent in this place.
 B = Non-inter-level travel time spent in this place.
 C = Inter-level travel time spent in this place.
 D = Time resting spent in this place.
 E = Time spent auto-exploring this place.
 F = Levels seen in this place.
 G = Mean time per level.
                   A        B        C        D        E       F      G
               +--------+--------+--------+--------+--------+-----+--------+
         Total |   2763 |   2748 |     15 |      0 |   2298 |   3 |  921.0 |
       Dungeon |   2763 |   2748 |     15 |      0 |   2298 |   3 |  921.0 |
               +--------+--------+--------+--------+--------+-----+--------+

Top non-repeatable levels by time:
     D:2: 1649 daAuts
     D:1: 1068 daAuts
     D:3: 45 daAuts
